 Dungeon Crawl Stone Soup version 0.31-a0-726-g3c93526463 (webtiles) character file.

Game seed: 7727711162397577699

88704 Bnni the Marksant (level 16, -2/113 HPs)
             Began as a Formicid Hexslinger on Sept 11, 2023.
             Was a High Priest of Hepliaklqana.
             Slain by a salamander
             ... wielding a +0 halberd
              (3 damage)
             ... in a volcano.
             The game lasted 01:16:46 (19077 turns).

Bnni the Marksant (Formicid Hexslinger)            Turns: 19077, Time: 01:16:47

Health: -2/113     AC: 14    Str: 23    XL:     16   Next: 41%
Magic:  22/27      EV: 17    Int: 13    God:    Hepliaklqana [*****.]
Gold:   341        SH:  0    Dex: 22    Spells: 4/30 levels left

rFire   + + .        D - +8 hand cannon of Watchfulness {drain, rF- Str+6}
rCold   + . .        r - orb of Oblivion {guile, rC+}
rNeg    . . .        Y - +2 acid dragon scales
rPois   +            (helmet unavailable)
rElec   +            a - +1 cloak {Will+}
rCorr   +            f - +0 pair of gloves
SInv    +            p - +2 pair of boots
Will    ++...        j - amulet of regeneration
Stlth   +            P - ring of Viecat {*Slow rPois rF+ Will++ Str+2}
HPRegen 1.18/turn    Q - ring of fire
MPRegen 0.20/turn

%: slow self (1%)
@: resistant, studying Shapeshifting
A: reduced essence, permanent stasis, dig shafts and tunnels, antennae 3, four
strong arms
a: Dig, Renounce Religion, Recall Ancestor, Ancestor Identity, Transference,
Idealise


You were in a volcano.
You worshipped Hepliaklqana.
Hepliaklqana was extremely pleased with you.
You visited 3 branches of the dungeon, and saw 20 of its levels.
You also visited: Ossuary, Gauntlet and Volcano.

You collected 1646 gold pieces.
You spent 1305 gold pieces at shops.

Inventory:

Hand Weapons
 m - a +1 arbalest
 D - the +8 hand cannon of Watchfulness (weapon) {drain, rF- Str+6}
   (You acquired it on level 7 of the Dungeon)

   Str+6:     It affects your strength (+6).
   rF-:       It makes you vulnerable to fire.
 X - a +5 rapier of speed
Missiles
 c - 9 curare-tipped darts
 e - 37 poisoned darts
 S - 2 darts of dispersal
Armour
 a - a +1 cloak of willpower (worn)
 f - a +0 pair of gloves (worn)
 p - a +2 pair of boots (worn)
 r - the orb of Oblivion (worn) {guile, rC+}
   (You acquired it on level 4 of the Dungeon)

   rC+:       It protects you from cold.
 K - a +0 leather armour of cold resistance
 Y - +2 acid dragon scales (worn)
Jewellery
 d - a ring of positive energy
 j - an amulet of regeneration (around neck)
 J - a ring of positive energy
 P - the ring of Viecat (left hand) {*Slow rPois rF+ Will++ Str+2}
   (You found it in a Gauntlet)

   [ring of poison resistance]

   Str+2:     It affects your strength (+2).
   rF+:       It protects you from fire.
   rPois:     It protects you from poison Will++: It greatly increases your
   willpower.
   *Slow:     It may slow you when you take damage.
 Q - a ring of fire (right hand)
 R - a ring of flight
Wands
 t - a wand of polymorph (11)
 y - a wand of paralysis (7)
 A - a wand of flame (27)
 I - a wand of mindburst (15)
 N - a wand of light (17)
 O - a wand of roots (12)
Scrolls
 b - 6 scrolls of poison
 i - 7 scrolls of enchant weapon
 l - 4 scrolls of vulnerability
 n - 2 scrolls of fog
 q - a scroll of revelation
 u - 3 scrolls of enchant armour
 x - 5 scrolls of fear
 C - 2 scrolls of amnesia
 F - a scroll of butterflies
 M - a scroll of immolation
Potions
 g - 3 potions of enlightenment
 h - 8 potions of curing
 k - 4 potions of ambrosia
 o - 2 potions of might
 v - 2 potions of cancellation {unknown}
 w - 4 potions of lignification
 B - 6 potions of mutation
 E - 2 potions of magic
 G - 2 potions of invisibility {unknown}
 H - 2 potions of heal wounds
 L - 3 potions of brilliance {unknown}
Miscellaneous
 W - a condenser vane


   Skills:
 + Level 11.6 Fighting
 * Level 16.2 Ranged Weapons
 + Level 7.4 Dodging
 - Level 5.8 Shields
 + Level 7.8 Spellcasting
 + Level 14.2 Hexes
 - Level 3.0 Necromancy
 - Level 5.0 Translocations
 - Level 2.0 Fire Magic
 + Level 9.7 Invocations


You had 4 spell levels left.
You knew the following spells:

 Your Spells              Type           Power      Damage    Failure   Level
a - Jinxbite              Hex            84%        N/A       1%          2
b - Inner Flame           Hex/Fire       39%        N/A       1%          3
c - Dimensional Bullseye  Hex/Tloc       15%        N/A       3%          4
d - Cause Fear            Hex            21%        N/A       1%          4
e - Teleport Other        Tloc           18%        N/A       7%          3
f - Sigil of Binding      Hex            42%        N/A       1%          3
g - Summon Guardian Gole  Hex/Summ       23%        N/A       3%          3
h - Anguish               Hex/Necr       13%        N/A       4%          4

Your spell library contained the following spells:

 Spells                   Type           Power      Damage    Failure   Level
 Ensorcelled Hibernation  Hex/Ice        46%        N/A       1%          2
 Lesser Beckoning         Tloc           36%        N/A       3%          2
 Dazzling Flash           Conj/Hex       46%        N/A       3%          3
 Necrotise                Necr           52%        1d6       4%          1
 Gell's Gravitas          Tloc           18%        N/A       7%          3
 Vampiric Draining        Necr           13%        2d6       16%         3
 Magic Dart               Conj           20%        1d4       19%         1
 Sting                    Tmut/Pois      20%        1d4       19%         1
 Call Imp                 Summ           10%        N/A       26%         2
 Passwall                 Tmut/Erth      4%         N/A       26%         2
 Poisonous Vapours        Pois/Air       10%        N/A       26%         2
 Mephitic Cloud           Conj/Pois/Air  5%         N/A       47%         3
 Animate Armour           Summ/Erth      10%        N/A       87%         4
 Olgreb's Toxic Radiance  Pois           5%         N/A       87%         4
 Summon Lightning Spire   Summ/Air       5%         N/A       87%         4
 Enfeeble                 Hex            21%        N/A       41%         7
 Agony                    Necr           13%        N/A       80%         5
 Fireball                 Conj/Fire      5%         3d5       97%         5
 Discord                  Hex            21%        N/A       98%         8
 Freezing Cloud           Conj/Ice/Air   2%         6-21      99%         5
 Lee's Rapid Deconstruct  Erth           2%         3d5*      99%         5
 Orb of Destruction       Conj           2%         9d5       100%        7
 Spellforged Servitor     Conj/Summ      2%         N/A       100%        7
 Ignition                 Fire           7%         3d5       100%        8
 Dragon's Call            Summ           2%         N/A       100%        9
 Swiftness                Air            Unusable   N/A       N/A         3

Dungeon Overview and Level Annotations

Branches:
Dungeon (15/15)            Temple (1/1) D:7            Lair (4/5) D:11
 Shoals (0/4) Lair:2        Snake (0/4) Lair:3        Slime (0/5) Lair:4
    Orc (0/2) D:9          Vaults (0/5) D:13         Depths (0/4) D:15
Ossuary (visited)         Volcano (1/1)             Gauntlet (visited)

Altars:
Ashenzari
Cheibriados
Dithmenos
Elyvilon
Fedhas
Gozag
Hepliaklqana
Kikubaaqudgha
Makhleb
Nemelex Xobeh
Okawaru
Qazlal
Ru
Sif Muna
Trog
Uskayaw
Vehumet
Wu Jian
Xom
Yredelemnul
Zin
The Shining One
Lugonu

Shops:
D:1 [   D:4 =??   D:10 *   D:13 !

Portals:
Abyss: D:3

Annotations:
D:8 2 transporters, 3 runed translucent doors
D:9 3 runed translucent doors, Burana's ghost, novice DsMo
D:15 2 transporters, Ebuug's ghost, journeyman DrSh


Innate Abilities, Weirdness & Mutations

Your life essence is reduced to manifest your ancestor. (-10% HP)
You cannot be hasted, slowed, berserked, paralysed or teleported.
You can dig through walls and to a lower floor.
You have a pair of large antennae on your head. (SInv)
Your four strong arms can wield two-handed weapons with a shield.


Message History

You are too injured to fight recklessly!
Unknown command.
You are too injured to fight recklessly!
Unknown command.
Fire: D) +8 hand cannon of Watchfulness {drain, rF- Str+6}
Press: ? - help, Shift-Dir - straight line, f/p - red draconian
Aim: a red draconian, wielding a +2 halberd of flaming and wearing a +0 cloak (moderately wounded, anguished, 78% to hit)
You shoot a bolt. Tankster McGee avoids your attack.
The bolt closely misses the red draconian.
The red draconian breathes fire at you.
The searing blast hits Tankster McGee!
Tankster McGee resists.
The searing blast hits you! You resist.
The searing blast hits your guardian golem.
Your guardian golem resists.
The red draconian is wracked by anguish!!
The red draconian is wracked by anguish!
The salamander hits you from afar with a +0 halberd!
* * * LOW HITPOINT WARNING * * *
You are engulfed in flames.
You resist.
* * * LOW HITPOINT WARNING * * *
The salamander is wracked by anguish!
The salamander barely misses you.
You feel protected.
Tankster McGee barely misses the red draconian.
Tankster McGee hits the salamander with a +0 broad axe of flaming!
Tankster McGee hits the salamander with a +0 broad axe of flaming.
The red draconian breathes fire at you.
The searing blast hits Tankster McGee!
Tankster McGee resists.
The searing blast hits you! You resist.
* * * LOW HITPOINT WARNING * * *
The searing blast hits your guardian golem!
Your guardian golem resists.
The red draconian is wracked by anguish!!
The red draconian is wracked by anguish.
The red draconian dies!
The salamander hits you from afar with a +0 halberd!
* * * LOW HITPOINT WARNING * * *
You are engulfed in flames.
You resist.
You die...

. .. ######## ..#
###......#### ..#
##.≈≈..≈....#### ..#
..≈§§≈≈≈......8###N.#
§§≈≈≈≈≈≈≈≈...§.9@R)N#
§≈≈§§≈≈≈≈§....8###N.#
§§§≈≈≈§§§≈≈..### ..#
§≈≈§§§≈≈≈≈...# ..#
§≈≈≈§≈§§§≈≈... ..#
≈≈≈§§§§≈§≈§§≈.. ..
≈≈≈≈≈≈≈≈≈§§§§≈.. .
≈§≈§≈§§≈≈≈§§§≈.§.
§≈≈S ≈≈§≈≈≈≈≈...##


You could see the friendly Tankster McGee the knight (sheltered), 3 salamanders
and a friendly guardian golem (summoned).

Vanquished Creatures
  Gastronok (Lair:1)
  A minotaur (Gauntlet)
  The ghost of kuniqs the Slicer, a journeyman DsBe of Trog (D:12)
  A fire dragon (D:14)
  A rakshasa (D:15)
  2 hydras
  A catoblepas (Lair:2)
  A vault guard (D:13)
  2 death knights
  2 boulder beetles
  3 centaur warriors
  3 two-headed ogres
  A death yak (Lair:3)
  A tengu warrior (D:15)
  A skyshark (Lair:3)
  6 slime creatures
  A phantasmal warrior (D:15)
  2 harpies (Lair:2)
  21 ugly things
  2 deep elf pyromancers (D:15)
  4 cyclopes
  2 salamanders (Volcano)
  An elephant (Lair:3)
  A guardian serpent (shapeshifter) (D:13)
  A black mamba (shapeshifter) (D:15)
  4 black mambas
  Maurice (D:12)
  3 cane toads
  6 unseen horrors
  4 rime drakes
  4 komodo dragons
  4 kobold demonologists
  An efreet (D:15)
  A yaktaur (D:15)
  A tengu conjurer (D:13)
  2 queen bees
  A hornet (D:8)
  A tyrant leech (Gauntlet)
  4 trolls
  A blink frog (shapeshifter) (D:13)
  5 blink frogs
  Sigmund (D:5)
  3 centaur simulacra (D:12)
  2 wyverns
  2 wraiths
  18 yaks
  A vampire (D:14)
  4 fire bats (Volcano)
  A basilisk (Lair:2)
  A golden eye (shapeshifter) (D:14)
  2 steam dragons
  2 vampire mosquitoes (D:9)
  Edmund (D:4)
  2 redbacks (D:8)
  A swamp worm (Gauntlet)
  2 acid dragons
  7 water moccasins
  A meliai simulacrum (D:12)
  9 orc warriors
  3 black bears
  2 ice beasts
  2 ogres
  4 centaurs
  10 wolves
  2 phantoms (D:14)
  2 elf zombies (Ossuary)
  2 kobold brigands
  13 bullfrogs
  3 gnoll sergeants
  3 scorpions
  10 wights
  27 killer bees
  A howler monkey (D:10)
  7 lava snakes
  A human zombie (Ossuary)
  A jelly (D:5)
  2 hounds (D:6)
  6 orc priests
  An iron imp (D:8)
  2 sleepcaps
  3 iguanas
  16 orc wizards
  A hound zombie (Ossuary)
  3 boggart simulacra (D:12)
  4 mummies (Ossuary)
  17 gnolls
  10 adders
  2 shadow imps (D:5)
  2 ufetubi
  2 worms
  5 dart slugs
  41 orcs
  5 ball pythons
  14 bats
  A bat zombie (D:4)
  4 endoplasms
  6 giant cockroaches
  6 goblins
  9 hobgoblins
  28 kobolds
  9 quokkas
  A frilled lizard (D:2)
  3 gnoll zombies (Ossuary)
  A kobold zombie (Ossuary)
  3 orc zombies (Ossuary)
  3 rats
  4 rat zombies
  2 lurking horrors (D:3)
475 creatures vanquished.

Vanquished Creatures (collateral kills)
  Rupert (Lair:4)
  A cacodemon (Gauntlet)
  A dire elephant (D:15)
  A centaur warrior (D:15)
  An ice dragon (D:12)
  A two-headed ogre (D:12)
  5 ugly things
  A salamander (D:15)
  2 elephants (Lair:3)
  A guardian serpent (Lair:3)
  A black mamba (Lair:1)
  Maggie (Lair:1)
  4 cane toads
  A rime drake (D:12)
  A komodo dragon (Lair:1)
  A kobold demonologist (D:12)
  A polar bear (Lair:2)
  A centaur simulacrum (D:12)
  2 slime creatures (D:15)
  A wraith (D:15)
  9 yaks
  2 basilisks (Lair:1)
  A vampire mosquito (D:9)
  2 swamp worms (Gauntlet)
  2 water moccasins
  A centaur (D:15)
  4 wolves
  A killer bee (Lair:3)
  A white imp (D:8)
  An orc (D:8)
  A bat (D:14)
  3 kobolds
57 creatures vanquished.

Vanquished Creatures (others)
  A red draconian (Volcano)
  A skeletal warrior (D:15)
  A wolf spider (D:15)
  An elephant (Lair:3)
  A manticore (D:15)
  A cane toad (Lair:1)
  3 yaks
  A centaur (D:15)
  A killer bee (Lair:3)
  An electric eel (Lair:4)
  5 ancestors
  3 knights
  A quokka (D:4)
21 creatures vanquished.

Grand Total: 553 creatures vanquished

Notes
Turn   | Place    | Note
-------+----------+-------------------------------------------
     0 | D:1      | Bnni the Formicid Hexslinger began the quest for the Orb.
     0 | D:1      | Reached XP level 1. HP: 15/15 MP: 2/2
   169 | D:1      | Reached XP level 2. HP: 19/21 MP: 3/3
   172 | D:1      | Learned a level 2 spell: Jinxbite
   330 | D:1      | Found Nautunuj's Antique Armour Shoppe.
   335 | D:1      | Reached XP level 3. HP: 26/26 MP: 5/5
   943 | D:2      | Noticed a scorpion
   949 | D:2      | Learned a level 3 spell: Sigil of Binding
   983 | D:2      | Killed a scorpion
   984 | D:2      | Reached skill level 3 in Ranged Weapons
   984 | D:2      | Reached XP level 4. HP: 20/33 MP: 2/6
   984 | D:2      | Reached XP level 5. HP: 23/38 MP: 2/7
  1759 | D:3      | Learned a level 3 spell: Inner Flame
  1833 | D:3      | Found a faded altar of an unknown god.
  1977 | D:3      | Reached skill level 5 in Hexes
  2140 | D:3      | Found an opulent altar of Gozag.
  2161 | D:3      | Found a corrupted altar of Lugonu.
  2161 | D:3      | Found a one-way gate to the infinite horrors of the Abyss.
  2402 | D:3      | Reached XP level 6. HP: 46/46 MP: 6/9
  2743 | D:4      | Found Inuom's Magic Scroll Emporium.
  2746 | D:4      | Bought a scroll of revelation for 97 gold pieces
  2746 | D:4      | Bought a scroll of identify for 26 gold pieces
  2830 | D:4      | Found Reozo's Jewellery Shop.
  2917 | D:4      | Found an ancient bone altar of Kikubaaqudgha.
  2972 | D:4      | Found Ofroi's Magic Scroll Boutique.
  3408 | D:5      | Entered Level 5 of the Dungeon
  3459 | D:5      | Noticed a black bear
  3477 | D:4      | Reached skill level 4 in Ranged Weapons
  3589 | D:5      | Reached XP level 7. HP: 51/51 MP: 7/11
  3732 | D:5      | Noticed Edmund
  3802 | D:5      | Noticed Sigmund
  4029 | D:4      | Killed Edmund
  4163 | D:5      | Learned a level 4 spell: Cause Fear
  4172 | D:5      | Killed Sigmund
  4173 | D:5      | Reached skill level 5 in Ranged Weapons
  4173 | D:5      | Reached XP level 8. HP: 60/60 MP: 6/12
  4233 | D:5      | Found a broken altar of Ashenzari.
  4751 | D:6      | Found a glowing golden altar of the Shining One.
  4775 | D:6      | Found a shimmering blue altar of Sif Muna.
  5240 | D:6      | Reached skill level 1 in Translocations
  5334 | D:6      | Found a shadowy altar of Dithmenos.
  5366 | D:6      | Reached skill level 6 in Ranged Weapons
  5373 | D:6      | Reached XP level 9. HP: 49/66 MP: 2/15
  5374 | D:6      | Found a glowing silver altar of Zin.
  5599 | D:7      | Found a sand-covered staircase.
  5604 | Ossuary  | Entered an ossuary
  5640 | Ossuary  | Reached skill level 1 in Shields
  6219 | D:7      | Reached skill level 5 in Fighting
  6589 | D:7      | Found a staircase to the Ecumenical Temple.
  6598 | Temple   | Entered the Ecumenical Temple
  6613 | Temple   | Became a worshipper of Hepliaklqana the Forgotten
  6810 | D:7      | Identified a scroll of acquirement
  6844 | D:7      | Learned a level 4 spell: Dimensional Bullseye
  6844 | D:7      | Acquired the +8 hand cannon of Watchfulness {drain, rF-
                  | Str+6}
  6982 | D:8      | Reached skill level 7 in Ranged Weapons
  7148 | D:8      | Noticed a two-headed ogre
  7152 | D:8      | Killed a two-headed ogre
  7153 | D:8      | Reached skill level 5 in Spellcasting
  7153 | D:8      | Reached XP level 10. HP: 75/75 MP: 10/17
  7234 | D:8      | Noticed a death knight
  7305 | D:8      | You fall into a shaft and drop 3 floors!
  7495 | D:10     | Entered Level 10 of the Dungeon
  7669 | D:9      | Learned a level 3 spell: Teleport Other
  7696 | D:9      | Found a staircase to the Orcish Mines.
  7759 | D:8      | Reached skill level 8 in Ranged Weapons
  7791 | D:8      | Reached skill level 10 in Hexes
  7859 | D:8      | Found a snail-covered altar of Cheibriados.
  8026 | D:8      | Reached * piety under Hepliaklqana
  8111 | D:8      | Killed a death knight
  8112 | D:8      | Reached skill level 5 in Shields
  8135 | D:8      | Found a burning altar of Makhleb.
  8137 | D:8      | Noticed a two-headed ogre
  8140 | D:8      | Noticed a five-headed hydra
  8146 | D:8      | Found a transporter.
  8166 | D:8      | Found a transporter.
  8266 | D:8      | Reached XP level 11. HP: 74/74 MP: 15/19
  8712 | D:8      | Found a runed translucent door.
  8770 | D:8      | Found a runed translucent gate.
  8771 | D:8      | Identified the +0 hat of Erghadat {-Cast rElec Will+ SInv}
  8771 | D:8      | Noticed a boulder beetle
  8772 | D:8      | Found a runed translucent gate.
  8773 | D:8      | Found a runed translucent gate.
  8773 | D:8      | Found a runed translucent gate.
  8773 | D:8      | Found a runed translucent gate.
  8773 | D:8      | Noticed a lindwurm
  8774 | D:8      | Found a runed translucent gate.
  8791 | D:8      | Killed a boulder beetle
  8792 | D:8      | Reached skill level 9 in Ranged Weapons
  8952 | D:4      | Bought a scroll of acquirement for 520 gold pieces
  8952 | D:4      | Bought a scroll of butterflies for 40 gold pieces
  8952 | D:4      | Acquired the orb of Oblivion {guile, rC+}
  9404 | D:9      | Found a blossoming altar of Fedhas.
  9724 | D:9      | Found a runed translucent gate.
  9724 | D:9      | Found a runed translucent gate.
  9880 | D:9      | Found a runed translucent gate.
  9881 | D:9      | Noticed Burana's ghost (novice DsMo)
  9881 | D:9      | Noticed a ten-headed hydra
 10138 | D:10     | Reached skill level 1 in Invocations
 10210 | D:10     | Reached ** piety under Hepliaklqana
 10211 | D:10     | Remembered your ancestor Tankster McGee as a knight
 10297 | D:10     | Noticed a two-headed ogre
 10310 | D:10     | Killed a two-headed ogre
 10914 | D:10     | Found Keorim's Serpentskin Sales.
 10920 | D:10     | Bought 5 curare-tipped darts for 72 gold pieces
 11027 | D:10     | Noticed a sixfirhy
 11664 | D:11     | Reached *** piety under Hepliaklqana
 11795 | D:11     | Noticed a cyclops
 11798 | D:11     | Killed a cyclops
 11799 | D:11     | Reached skill level 5 in Translocations
 11924 | D:11     | Reached skill level 10 in Ranged Weapons
 11974 | D:11     | Found a staircase to the Lair.
 12346 | D:12     | Noticed a two-headed ogre
 12350 | D:12     | Killed a two-headed ogre
 12351 | D:12     | Reached XP level 12. HP: 82/82 MP: 18/21
 12448 | D:12     | Found a runed translucent gate.
 12448 | D:12     | Found a runed translucent gate.
 12448 | D:12     | Found a runed translucent gate.
 12517 | D:12     | Reached **** piety under Hepliaklqana
 12533 | D:12     | Noticed kuniqs's ghost (journeyman DsBe)
 12534 | D:12     | Noticed an ice dragon
 12726 | D:12     | Noticed a boulder beetle
 12731 | D:12     | Killed a boulder beetle
 12770 | D:12     | Noticed Maurice
 12778 | D:12     | Killed Maurice
 13022 | D:12     | Reached skill level 11 in Ranged Weapons
 13032 | D:12     | Killed kuniqs's ghost
 13033 | D:12     | Reached skill level 5 in Invocations
 13148 | D:12     | Killed an ice dragon
 13304 | D:13     | Found Kaantenk's Distillery.
 13332 | D:13     | Noticed a two-headed ogre
 13340 | D:13     | Killed a two-headed ogre
 13482 | D:13     | Found a gate to the Vaults.
 13482 | D:13     | Noticed a vault guard
 13488 | D:13     | Killed a vault guard
 13489 | D:13     | Reached XP level 13. HP: 90/90 MP: 15/22
 13680 | D:13     | Noticed a seven-headed hydra
 13693 | D:13     | Killed a seven-headed hydra
 13696 | D:13     | Reached skill level 12 in Ranged Weapons
 13954 | D:14     | Noticed a centaur warrior
 13956 | D:14     | Killed a centaur warrior
 14012 | D:14     | Noticed a fire dragon
 14017 | D:14     | Killed a fire dragon
 14018 | D:14     | Reached skill level 5 in Dodging
 14068 | D:14     | Reached skill level 10 in Fighting
 14281 | D:14     | Learned a level 3 spell: Summon Guardian Golem
 14311 | D:14     | Reached skill level 13 in Ranged Weapons
 14528 | D:14     | Reached XP level 14. HP: 99/99 MP: 15/23
 14696 | D:13     | Bought a potion of experience for 550 gold pieces
 14696 | D:13     | Reached skill level 14 in Ranged Weapons
 14696 | D:13     | Reached XP level 15. HP: 103/103 MP: 24/24
 14740 | D:15     | Entered Level 15 of the Dungeon
 14746 | D:15     | Learned a level 4 spell: Anguish
 14827 | D:15     | Reached skill level 1 in Necromancy
 14918 | D:15     | Reached skill level 15 in Ranged Weapons
 15012 | D:15     | Found a staircase to the Depths.
 15132 | D:15     | Noticed Ebuug's ghost (journeyman DrSh)
 15134 | D:15     | Found a transporter.
 15137 | D:15     | Found a transporter.
 15212 | D:15     | Identified the +1 ring mail "Littu" {Regen+}
 15596 | D:15     | Reached ***** piety under Hepliaklqana
 15819 | Lair:1   | Entered Level 1 of the Lair of Beasts
 15819 | Lair:1   | Noticed Maggie
 15825 | Lair:1   | Killed Maggie
 16044 | Lair:1   | Noticed Gastronok
 16050 | Lair:1   | Killed Gastronok
 16680 | Lair:2   | Found a gate leading to a gauntlet.
 16690 | Gauntlet | Entered a Gauntlet
 16690 | Gauntlet | Found a transporter.
 16690 | Gauntlet | Found a transporter.
 16690 | Gauntlet | Found a transporter.
 16691 | Gauntlet | Found a transporter.
 16694 | Gauntlet | Found a transporter.
 16708 | Gauntlet | Found a transporter.
 16720 | Gauntlet | Found a transporter.
 16723 | Gauntlet | Found a transporter.
 16723 | Gauntlet | Noticed a cacodemon
 16742 | Gauntlet | Found a transporter.
 16746 | Gauntlet | Found a transporter.
 16758 | Gauntlet | Found a transporter.
 16818 | Gauntlet | Found a transporter.
 17050 | Gauntlet | Killed a cacodemon
 17067 | Gauntlet | Identified the ring of Viecat {*Slow rPois rF+ Will++
                  | Str+2}
 17175 | Gauntlet | Got the Meditations on Misfortune
 17664 | Lair:2   | Found a staircase to the Shoals.
 17670 | Lair:2   | Reached XP level 16. HP: 112/112 MP: 21/26
 18117 | Lair:3   | Found a staircase to the Snake Pit.
 18142 | Lair:3   | Reached skill level 16 in Ranged Weapons
 18949 | Lair:4   | Noticed Rupert
 18959 | Lair:4   | Killed Rupert
 18984 | Lair:4   | Found a dark tunnel.
 18991 | Volcano  | Entered a volcano
 19077 | Volcano  | HP: 1/113 [salamander/+0 halberd (13)]
 19077 | Volcano  | Slain by a salamander

Illustrated notes

Levels and vault maps discovered:
D:1:      sevenhm_arrival_forest_fort_large_2, layout_basic, serial_shops, shop,
          dreamdust_wishing_well, nrook_loot_triangle,
          chequers_serial_rivers_micro_a
D:2:      layout_basic
D:3:      layout_rooms, grunt_gozag_statues,
          shapermc_ecumenical_altar_totnotflames,
          amcnicky_altar_lugonu_corruption
D:4:      layout_basic, lemuel_zombie_altar_kikubaaqudgha, serial_shops,
          nicolae_shop_rolled_up, nicolae_shop_peninsula, shop
D:5:      layout_basic, mainiacjoe_overflow_paths, kennysheep_generic_room_4,
          uniq_edmund, uniq_sigmund
D:6:      layout_cave_pods, lemuel_blue_sif_altar, tso_altar,
          mainiacjoe_overflow_two_lobes
D:7:      layout_cave_pools, minmay_temple_entry_overgrown,
          lightli_ossuary_entry_decrepit_ruins, minivault_10
D:8:      gammafunk_indiana_jones, layout_gridville, chei_slow_surprise,
          gammafunk_temple_overflow_arena, wad_mini_maze
D:9:      layout_loops_corners, fedhas_bush_and_centaur_altar, david_orc_2,
          gammafunk_ghost_hydra_chop, kennysheep_small_square
D:10:     layout_layer_cave, guppyfry_shop_venom
D:11:     layout_stronghold, grunt_lair_entry_orc_guard_hut
D:12:     layout_big_octagon, gammafunk_ghost_icy, minmay_stone_trees_large,
          uniq_maurice
D:13:     layout_roguey, david_vaults_5, serial_shops,
          nicolae_shop_behind_doors, nicolae_lava_and_water, lemuel_old_faithful
D:14:     layout_rooms, roderic_lattice_octagonal_star, hangedman_batty
D:15:     hangedman_depths_entry_try_elsewhere_first, layout_loops_corners,
          minivault_25, gammafunk_ghost_hive
Temple:   hc_temple_tempest_star
Lair:1:   layout_regular_city, nicolae_quartered_pool_impasse,
          grunt_megastairs_3, serial_bayou_shore_b, uniq_maggie, uniq_gastronok
Lair:2:   layout_cave_shapes, nicolae_shoals_entry_roost,
          gauntlet_entry_generic, serial_bayou_pond_a,
          infiniplex_staircase_pool_2, grunt_megastairs_1
Lair:3:   layout_gridlike, minmay_snake_entry_spellcaster, special_room
          [special_room_bee], st_stairs_3, grunt_megastairs_4, lemuel_fruit_tree
Lair:4:   layout_regular_city, dpeg_slime_entry_corner,
          nicolae_volcano_entry_two_sided, serial_bayou_lagoon_b, uniq_rupert
Volcano:  volcano_grotto [vgs_dualism]

Skill      XL: |  1  2  3  4  5  6  7  8  9 10 11 12 13 14 15 16 |
---------------+-------------------------------------------------+-----
Hexes          | 4 5 6 7 9 10 11 12 13 14 | 14.2
Fighting       | 2 3 4 5 6 7 9 10 11 | 11.6
Ranged Weapons | 3 4 5 6 7 8 10 11 13 14 15 16 | 16.2
Spellcasting   | 2 3 4 5 6 7 |  7.8
Fire Magic     | 2 |  2.0
Translocations | 1 2 3 5 |  5.0
Shields        | 3 5 |  5.8
Invocations    | 3 5 7 9 |  9.7
Dodging        | 3 5 6 7 |  7.4
Necromancy     | 3 |  3.0

Action                     |  1- 3 |  4- 6 |  7- 9 | 10-12 | 13-15 | 16-18 || total
---------------------------+-------+-------+-------+-------+-------+-------++-------
   Fire: Sling             |    88 |   202 |   199 |       |       |       ||   489
         Orcbow            |       |       |    36 |       |       |       ||    36
         Hand cannon       |       |       |     7 |   286 |   324 |   119 ||   736
  Throw: Dart              |       |       |     2 |     8 |     2 |     1 ||    13
   Cast: Jinxbite          |     3 |    11 |    17 |     6 |     2 |       ||    39
         Sigil of Binding  |     1 |     5 |     9 |     5 |     3 |     1 ||    24
         Inner Flame       |       |       |    16 |    22 |    14 |     7 ||    59
         Dimensional Bulls |       |       |       |     9 |     3 |       ||    12
         Summon Guardian G |       |       |       |       |    15 |     6 ||    21
         Anguish           |       |       |       |       |    10 |     8 ||    18
         Cause Fear        |       |       |       |       |     3 |       ||     3
 Invoke: Ancestor Identity |       |       |       |     1 |       |       ||     1
         Recall Ancestor   |       |       |       |     1 |     2 |       ||     3
         Ancestor Life: Kn |       |       |       |     1 |       |       ||     1
         Transference      |       |       |       |     2 |       |       ||     2
         Idealise          |       |       |       |     1 |     1 |       ||     2
Ability: Dig               |       |       |     2 |     1 |       |       ||     3
         Shaft Self        |       |       |       |     1 |       |       ||     1
    Use: Scroll            |       |     4 |     8 |    10 |     7 |     1 ||    30
         Potion            |       |       |     2 |       |     2 |     2 ||     6
 Armour: Robe              |    25 |    48 |    82 |    10 |       |       ||   165
         Steam dragon scal |       |       |       |    41 |    22 |       ||    63
         Troll leather arm |       |       |       |       |    41 |       ||    41
         Acid dragon scale |       |       |       |       |     8 |    43 ||    51
  Dodge: Dodged            |    24 |    56 |    82 |    42 |    88 |    55 ||   347
  Block: Other             |       |    11 |    21 |     4 |       |       ||    36
         Reflection        |       |       |       |     4 |       |       ||     4
         Orb               |       |       |       |     4 |       |       ||     4

Table legend: (Time is in decaauts)
 A = Elapsed time spent in this place.
 B = Non-inter-level travel time spent in this place.
 C = Inter-level travel time spent in this place.
 D = Time resting spent in this place.
 E = Time spent auto-exploring this place.
 F = Levels seen in this place.
 G = Mean time per level.
                   A        B        C        D        E       F      G
               +--------+--------+--------+--------+--------+-----+--------+
         Total |  19401 |  18195 |   1206 |   2117 |  11905 |  23 |  843.5 |
       Dungeon |  15735 |  14646 |   1089 |   1806 |   9625 |  15 | 1049.0 |
        Temple |     30 |      2 |     28 |      0 |      0 |   1 |   30.0 |
          Lair |   2705 |   2616 |     89 |     35 |   2068 |   4 |  676.2 |
       Ossuary |    333 |    333 |      0 |    149 |     83 |   1 |  333.0 |
       Volcano |     89 |     89 |      0 |      0 |      0 |   1 |   89.0 |
      Gauntlet |    507 |    507 |      0 |    127 |    129 |   1 |  507.0 |
               +--------+--------+--------+--------+--------+-----+--------+

Top non-repeatable levels by time:
     D:8: 1688 daAuts
    D:10: 1626 daAuts
     D:4: 1335 daAuts
     D:9: 1224 daAuts
     D:6: 1054 daAuts
    D:15: 996 daAuts
     D:7: 989 daAuts
    D:12: 973 daAuts
  Lair:3: 940 daAuts
    D:11: 906 daAuts
     D:2: 895 daAuts
     D:1: 895 daAuts
  Lair:2: 857 daAuts
  Lair:1: 838 daAuts
    D:14: 803 daAuts
